 Dungeon Crawl Stone Soup version 0.27-a0-760-gc38aae387d (webtiles) character file.

Game seed: 9744056866451543224

2796 polve the Cleaver (level 9, 0/81 HPs)
             Began as a Hill Orc Berserker on Mar 24, 2021.
             Was an Elder of Trog.
             Slain by a steam dragon (6 damage)
             ... on level 6 of the Dungeon.
             The game lasted 00:06:14 (8201 turns).

polve the Cleaver (Hill Orc Berserker)              Turns: 8201, Time: 00:06:14

Health: 0/81       AC: 11    Str: 26    XL:     9   Next: 71%
Magic:  0/9        EV: 10    Int:  7    God:    Trog [****..]
Gold:   185        SH:  0    Dex: 13    Spells: 8/8 levels left

rFire    . . .     SeeInvis .   a - +0 hand axe
rCold    . . .     Faith    .   (no shield)
rNeg     . . .     Spirit   +   m - +0 scale mail
rPois    .         Reflect  .   v - +0 helmet
rElec    .         Harm     .   e - +0 cloak
rCorr    .         Rampage  .   (no gloves)
Will     .....                  k - +0 pair of boots
Stlth    ..........             l - amulet of guardian spirit
HPRegen  0.23/turn              p - +6 ring of strength
MPRegen  0.11/turn              (no ring)

@: berserk cooldown, slowed, very slow
A: no striking features
a: Renounce Religion, Berserk, Trog's Hand, Brothers in Arms


You were on level 6 of the Dungeon.
You worshipped Trog.
Trog was greatly pleased with you.
You visited 1 branch of the dungeon, and saw 7 of its levels.

You collected 185 gold pieces.

Inventory:

Hand Weapons
 a - a +0 hand axe (weapon)
Armour
 e - a +0 cloak (worn)
 k - a +0 pair of boots (worn)
 m - a +0 scale mail (worn)
 v - a +0 helmet (worn)
 D - a +0 kite shield
Jewellery
 l - an amulet of guardian spirit (around neck)
 p - a +6 ring of strength (right hand)
 s - an amulet of reflection
Wands
 B - a wand of flame (36)
Scrolls
 b - a scroll of enchant armour {unknown}
 d - 3 scrolls of fog {unknown}
 f - a scroll of summoning {unknown}
 g - 2 scrolls of blinking {unknown}
 i - 2 scrolls of noise {unknown}
 j - 10 scrolls of identify {unknown}
 n - a scroll of fear {unknown}
 o - a scroll of teleportation {unknown}
 r - a scroll of immolation {unknown}
 u - a scroll of amnesia {unknown}
 w - a scroll of torment {unknown}
 y - 2 scrolls of enchant weapon {unknown}
 A - a scroll of silence {unknown}
Potions
 c - 3 potions of lignification
 h - 5 potions of curing
 q - 2 potions of brilliance {unknown}
 t - a potion of heal wounds {unknown}
 x - a potion of magic {unknown}
 z - a potion of attraction {unknown}
 C - a potion of invisibility {unknown}


   Skills:
 + Level 7.9 Fighting
 * Level 13.1 Axes
 + Level 6.8 Armour
 - Level 1.5 Dodging


You had 8 spell levels left.
You didn't know any spells.
Your spell library was empty.

Dungeon Overview and Level Annotations

Branches:
Dungeon (7/15)             Temple (0/1) D:5

Altars:
Kikubaaqudgha
Sif Muna
Uskayaw


Message History

You hit the steam dragon.
The boulder beetle completely misses you.
You hit the boulder beetle but do no damage.
The boulder beetle is heavily wounded.
You hit the steam dragon. The steam dragon breathes steam at you.
The ball of steam hits you!
* * * LOW HITPOINT WARNING * * *
You slash the boulder beetle!
The boulder beetle is severely wounded.
You closely miss the steam dragon.
You are engulfed in a cloud of scalding steam.
The boulder beetle barely misses you.
You slash the boulder beetle!
The boulder beetle is almost dead.
You hit the steam dragon.
You are engulfed in a cloud of scalding steam.
You are no longer berserk.
You are exhausted.
You feel yourself slow down. The steam dragon bites you.
* * * LOW HITPOINT WARNING * * *
The steam dragon claws you.
* * * LOW HITPOINT WARNING * * *
The boulder beetle bites you!
* * * LOW HITPOINT WARNING * * *
There is a stone staircase leading up, spattered with blood here.
You see here a howler monkey corpse.
The steam dragon barely misses you. x2; The boulder beetle leaps!
The steam dragon barely misses you.
The steam dragon claws you but does no damage.
You climb upwards.
There is a stone staircase leading down here.
You hit the steam dragon but do no damage.
The steam dragon is almost dead.
The steam dragon closely misses you. The steam dragon claws you.
* * * LOW HITPOINT WARNING * * *
You barely miss the steam dragon.
The steam dragon is almost dead.
The steam dragon bites you!
You die...

####........# #.##)# #.## ##
##.......# #.##)# #.# # #####.#.#
#.##)## #.######## #.#.##
#.##..###.##......
#....###.###.<.#.##....(. ####
#.#...##.#####....#...... ...##
#.##..............#...... ....##
#............####........ .....#
###.....@.<..............
.....####...##.#D#########......<
.....##.............# ##......
.........≈...⌠......# #......
........≈≈≈....#....# #......
....##.≈≈≈≈...##..### #######
...###..≈≈≈...##..# ####
#..≈≈≈≈≈..#..# #.......≈.#..#


You could see a steam dragon.

Vanquished Creatures
  A wyvern (D:5)
  2 water moccasins
  Duvessa (D:6)
  An orc warrior (D:5)
  2 sky beasts
  A black bear (D:4)
  2 ogres (D:5)
  A necrophage (D:5)
  A centaur (D:6)
  2 phantoms (D:5)
  3 kobold brigands (D:6)
  A gnoll sergeant (D:6)
  A water moccasin zombie (D:5)
  Dowan (D:6)
  2 scorpions (D:4)
  3 howler monkeys
  A bullfrog zombie (D:6)
  2 jellies
  A centaur skeleton (D:5)
  2 hounds (D:5)
  2 orc priests
  A bullfrog skeleton (D:6)
  3 iguanas
  2 orc wizards
  5 worker ants
  A killer bee zombie (D:5)
  13 gnolls
  7 adders
  2 white imps
  2 ufetubi
  An adder skeleton (D:4)
  2 worms
  4 dart slugs
  27 orcs
  9 bats
  6 endoplasms
  4 giant cockroaches
  5 goblins
  5 hobgoblins
  17 jackals
  15 kobolds
  6 quokkas
  5 ball pythons
  3 frilled lizards
  2 rats
180 creatures vanquished.

Vanquished Creatures (others)
  9 plants (D:2)
9 creatures vanquished.

Grand Total: 189 creatures vanquished

Notes
Turn   | Place    | Note
-------+----------+-------------------------------------------
     0 | D:1      | polve the Hill Orc Berserker began the quest for the Orb.
     0 | D:1      | Reached XP level 1. HP: 19/19 MP: 1/1
    95 | D:1      | Reached XP level 2. HP: 6/26 MP: 2/2
   406 | D:1      | Reached skill level 5 in Axes
   931 | D:1      | Reached XP level 3. HP: 29/31 MP: 3/3
  1451 | D:1      | Reached ** piety under Trog
  1763 | D:2      | Reached skill level 6 in Axes
  1809 | D:2      | Reached XP level 4. HP: 11/39 MP: 4/4
  1816 | D:2      | HP: 1/39 [poisoned by an adder]
  2816 | D:3      | Identified Padwec's Tome of Malediction
  3085 | D:3      | Reached skill level 7 in Axes
  3092 | D:3      | Reached XP level 5. HP: 23/45 MP: 5/5
  3611 | D:3      | Found a faded altar of an unknown god.
  3620 | D:3      | Reached skill level 8 in Axes
  4028 | D:3      | Found a hide-covered altar of Uskayaw.
  4118 | D:4      | Reached XP level 6. HP: 52/52 MP: 6/6
  4205 | D:4      | Reached *** piety under Trog
  4506 | D:4      | Reached skill level 9 in Axes
  4603 | D:4      | Reached XP level 7. HP: 36/60 MP: 4/7
  5287 | D:5      | Entered Level 5 of the Dungeon
  5449 | D:5      | Noticed a wyvern
  5469 | D:5      | Reached skill level 5 in Fighting
  5469 | D:5      | Reached skill level 10 in Axes
  5470 | D:5      | Killed a wyvern
  5471 | D:5      | Reached XP level 8. HP: 46/69 MP: 5/8
  5481 | D:5      | Reached skill level 11 in Axes
  5486 | D:5      | Reached skill level 5 in Armour
  5517 | D:5      | Reached **** piety under Trog
  5962 | D:5      | Found a staircase to the Ecumenical Temple.
  6106 | D:5      | Found a shimmering blue altar of Sif Muna.
  6204 | D:5      | Reached XP level 9. HP: 77/78 MP: 9/9
  6487 | D:5      | Reached skill level 12 in Axes
  7095 | D:6      | Noticed Dowan
  7097 | D:6      | Noticed Duvessa
  7126 | D:6      | Killed Duvessa
  7132 | D:6      | Killed Dowan
  7882 | D:6      | Found an ancient bone altar of Kikubaaqudgha.
  7998 | D:6      | Reached skill level 13 in Axes
  8180 | D:7      | Noticed a boulder beetle
  8201 | D:6      | Slain by a steam dragon

Illustrated notes

Levels and vault maps discovered:
D:1:      lightli_arrival_noodles, layout_loops_ring
D:2:      layout_loops_ring, serial_bayou, serial_bayou_pond_a,
          serial_bayou_shore_a, serial_bayou_shore_b, serial_bayou_lagoon_a
D:3:      layout_basic, overflow_temple_1_default,
          chequers_ecumenical_altar_simple_redux
D:4:      layout_rooms
D:5:      cheibrodos_fzero, layout_basic, kennysheep_mini,
          minmay_temple_entry_enclosed_plants, serial_glass, glass_columns_c,
          glass_columns_a, minmay_strange_pillars
D:6:      cheibrodos_thug_alley, layout_rooms, kiku_gazebo_pond_becter,
          kennysheep_donut, uniq_duvessa
D:7:      layout_basic, nzn_wu_jian_contemplation, enter_bailey_4, minmay_puff,
          uniq_prince_ribbit1

Skill      XL: |  1  2  3  4  5  6  7  8  9 |
---------------+----------------------------+-----
Axes           | 5 6 7 8 9 10 11 13 | 13.1
Fighting       | 4 5 6 7 |  7.9
Armour         | 3 4 5 6 |  6.8
Dodging        | |  1.5

Action                   |  1- 3 |  4- 6 |  7- 9 || total
-------------------------+-------+-------+-------++-------
Melee: Hand axe          |   101 |   199 |   308 ||   608
       Unarmed           |       |       |     5 ||     5
Invok: Berserk           |       |     6 |     7 ||    13
  Use: Potion            |       |     1 |     2 ||     3
 Stab: Sleeping          |     3 |       |       ||     3
Armor: Animal skin       |    21 |     9 |       ||    30
       Scale mail        |       |    64 |   126 ||   190
       Skin              |       |       |    17 ||    17
Dodge: Dodged            |    64 |   135 |   148 ||   347

Table legend: (Time is in decaauts)
 A = Elapsed time spent in this place.
 B = Non-inter-level travel time spent in this place.
 C = Inter-level travel time spent in this place.
 D = Time resting spent in this place.
 E = Time spent auto-exploring this place.
 F = Levels seen in this place.
 G = Mean time per level.
                   A        B        C        D        E       F      G
               +--------+--------+--------+--------+--------+-----+--------+
         Total |   8216 |   7999 |    217 |     73 |   6926 |   7 | 1173.7 |
       Dungeon |   8216 |   7999 |    217 |     73 |   6926 |   7 | 1173.7 |
               +--------+--------+--------+--------+--------+-----+--------+

Top non-repeatable levels by time:
     D:1: 1660 daAuts
     D:5: 1619 daAuts
     D:3: 1331 daAuts
     D:6: 1234 daAuts
     D:4: 1192 daAuts
     D:2: 1167 daAuts
     D:7: 11 daAuts
